 Dungeon Crawl Stone Soup version 0.22-a0-253-gf9d0ce5 (webtiles) character file.

1023 kuniqs the Shield-Bearer (level 8, -1/73 HPs)
             Began as a Deep Dwarf Fighter on Mar 3, 2018.
             Was a Follower of Makhleb.
             Splashed by Ijyb's acid (8 damage)
             ... on level 5 of the Dungeon.
             The game lasted 00:04:54 (3071 turns).

kuniqs the Shield-Bearer (Deep Dwarf Fighter)       Turns: 3071, Time: 00:04:55

Health: -1/73      AC:  7    Str: 32    XL:     8   Next: 2%
Magic:  10/10      EV: 10    Int:  8    God:    Makhleb [*.....]
Gold:   190        SH: 11    Dex: 12    Spells: 7/7 levels left

rFire    . . .     SeeInvis +   a - +0 war axe
rCold    . . .     Gourm    .   c - +0 shield
rNeg     . . .     Faith    .   w - +6 scale mail "Qediaz" {Str+4 Stlth+}
rPois    .         Spirit   .   o - +0 helmet
rElec    .         Reflect  .   r - +0 cloak
rCorr    .         Harm     .   (no gloves)
MR       +....                  (no boots)
Stlth    +.........             (no amulet)
HPRegen  0.00/turn              h - ring of see invisible
MPRegen  0.12/turn              (no ring)

@: mighty, corroded, non-regenerating
A: damage resistance, heal wounds, sense surroundings 1, no regeneration
a: Heal Wounds, Renounce Religion


You were on level 5 of the Dungeon.
You worshipped Makhleb.
Makhleb was aware of your devotion.
You were not hungry.

You visited 1 branch of the dungeon, and saw 5 of its levels.

You collected 190 gold pieces.

Inventory:

Hand Weapons
 a - a +0 war axe (weapon)
 u - a +0 dagger of venom
Missiles
 i - a throwing net (quivered)
Armour
 c - a +0 shield (worn)
 o - a +0 helmet (worn)
 r - a +0 cloak (worn)
 w - the +6 scale mail "Qediaz" (worn) {Str+4 Stlth+}
   (You found it on level 4 of the Dungeon)

   It affects your strength (+4).
   It makes you more stealthy.
Jewellery
 h - a ring of see invisible (left hand)
Scrolls
 g - 2 scrolls of remove curse {@r2}
 l - a scroll of enchant weapon {unknown}
 m - 2 scrolls of fear {unknown}
 n - 2 scrolls of teleportation
Potions
 b - 2 potions of heal wounds {unknown}
 d - a potion of might
 e - 3 potions of curing {@q1}
 k - 2 potions of flight
 q - a potion of invisibility
 s - 2 potions of mutation
 v - 2 potions of degeneration {unknown}
Comestibles
 f - 8 rations
 j - 6 chunks of flesh


   Skills:
 + Level 4.5 Fighting
 + Level 4.8 Axes
 + Level 5.4 Armour
 + Level 4.1 Dodging
 + Level 5.4 Shields
 + Level 3.0 Invocations


You had 7 spell levels left.
You didn't know any spells.

Dungeon Overview and Level Annotations

Branches:
Dungeon (5/15)             Temple (0/1) D:5

Altars:
Ashenzari
Dithmenos
Fedhas
Makhleb
Okawaru
Ru
Uskayaw
Yredelemnul
The Shining One

Shops:
D:4 *

Annotations:
D:5 Ijyb


Innate Abilities, Weirdness & Mutations

You are resistant to damage.
You can heal yourself by infusing magical energy.
You passively map a small area around you.
You do not regenerate.


Message History

You feel much better.
Ijyb zaps a wand.
The bolt of acid hits you!
You are splashed with acid!
The acid burns!
You are too injured to fight recklessly!
You are too injured to fight recklessly!
You are too injured to fight recklessly!
You feel much better. You block Ijyb's attack.
You miss Ijyb. Ijyb hits you but does no damage.
You miss Ijyb. Ijyb closely misses you.
You closely miss Ijyb. Ijyb barely misses you.
An orc comes into view. It is wielding a mace.
You feel very mighty all of a sudden.
Ijyb zaps a wand.
The bolt of acid hits you! The acid corrodes you!
You are splashed with acid!
The acid burns!
You slash Ijyb! You slash the orc!
You kill the orc!
Makhleb accepts your kill.
Ijyb zaps a wand.
The bolt of acid hits you!
* * * LOW HITPOINT WARNING * * *
You are splashed with acid!
The acid burns!
You die...

#..#.....### , .....#.....# ##,
.....##....# , .., .._..'.....#
##.# .....##....# ...
......#....# #,#.. , ##'#.#....##
#.#5#* #....#....# #.#g###.#
..).((..(## #.)@....#
........(#######.#####
.÷...###.##≈≈≈≈≈.#
#.........#≈###≈.# #####
#..........≈#_'..#### ###...###
#.##.#....#≈###≈#...####.......##
#.##....>.#≈≈≈≈≈#................
.....#...###.####..............##
.........###.# ################


You could see Ijyb and a shadow imp.

Vanquished Creatures
  Sigmund (D:2)
  A sky beast (D:5)
  2 centaurs (D:5)
  A howler monkey (D:4)
  2 crimson imps (D:5)
  3 orc priests
  Jessica (D:3)
  3 orc wizards
  2 worker ants (D:4)
  8 gnolls
  8 adders
  A shadow imp (D:5)
  An adder skeleton (D:4)
  A worm (D:2)
  2 leopard geckos (D:2)
  25 orcs
  A ball python (D:2)
  2 bats
  4 giant cockroaches
  3 goblins
  7 hobgoblins
  6 jackals
  2 kobolds (D:2)
  A quokka (D:2)
  3 frilled lizards
  A goblin skeleton (D:5)
  A goblin zombie (D:5)
  2 hobgoblin zombies (D:5)
  A kobold skeleton (D:5)
  2 kobold zombies (D:5)
  2 orc zombies (D:5)
  3 rats
  A spectral orc (D:2)
104 creatures vanquished.

Notes
Turn   | Place    | Note
-------+----------+-------------------------------------------
     0 | D:1      | kuniqs the Deep Dwarf Fighter began the quest for the Orb.
     0 | D:1      | Reached XP level 1. HP: 20/20 MP: 1/1
   508 | D:2      | Noticed Sigmund
   572 | D:2      | Reached XP level 2. HP: 22/27 MP: 2/2
   584 | D:2      | Reached skill level 1 in Dodging
   584 | D:2      | Reached XP level 3. HP: 25/34 MP: 3/3
   594 | D:2      | Found a hide-covered altar of Uskayaw.
  1009 | D:2      | Killed Sigmund
  1009 | D:2      | Reached XP level 4. HP: 27/42 MP: 4/4
  1009 | D:2      | Reached XP level 5. HP: 31/49 MP: 5/5
  1163 | D:2      | Found a basalt altar of Yredelemnul.
  1258 | D:3      | Noticed Jessica
  1266 | D:3      | Killed Jessica
  1266 | D:3      | Reached XP level 6. HP: 44/57 MP: 6/6
  1482 | D:3      | Found a burning altar of Makhleb.
  1522 | D:3      | Became a worshipper of Makhleb the Destroyer
  1899 | D:4      | Got a heavily runed scale mail
  1900 | D:4      | Identified the +6 scale mail "Qediaz" {Str+4 Stlth+} (You found it on level 4 of the Dungeon)
  1978 | D:4      | Found a sacrificial altar of Ru.
  2030 | D:4      | Reached skill level 1 in Invocations
  2295 | D:4      | Found a shattered altar of Ashenzari.
  2320 | D:4      | Reached XP level 7. HP: 44/64 MP: 7/7
  2335 | D:4      | Found Nofenyus's General Store.
  2495 | D:5      | Entered Level 5 of the Dungeon
  2503 | D:5      | Found a shadowy altar of Dithmenos.
  2545 | D:5      | Reached * piety under Makhleb
  2555 | D:5      | Reached skill level 5 in Armour
  2555 | D:5      | Reached skill level 5 in Shields
  2660 | D:5      | Found a glowing golden altar of the Shining One.
  2913 | D:5      | Found a blossoming altar of Fedhas.
  2967 | D:5      | Reached XP level 8. HP: 66/73 MP: 10/10
  2987 | D:5      | Found a staircase to the Ecumenical Temple.
  3052 | D:5      | Found an iron altar of Okawaru.
  3057 | D:5      | Noticed Ijyb
  3071 | D:5      | Splashed by Ijyb's acid

Vault maps used:
D:1:      ncdulo_smallfort
D:2:      lemuel_crystal_altar, yredelemnul_forgotten_temple_becter,
          uniq_sigmund
D:3:      lemuel_coloured_pillars_altar, first_ration, uniq_jessica
D:4:      nicolae_ru_the_path_less_chosen, kennysheep_little_box, serial_shops,
          kennysheep_mini, roderic_three_in_a_row
D:5:      lemuel_crystal_altar, kennysheep_mini_moat,
          nicolae_tso_besieged_by_evil, temple_hall, fedhas_altar_fruit_tree,
          uniq_ijyb

Skill      XL: |  1  2  3  4  5  6  7 |
---------------+----------------------+-----
Fighting       | 3 4 |  4.5
Dodging        | 1 2 3 4 |  4.1
Axes           | 3 4 |  4.8
Armour         | 4 5 |  5.4
Shields        | 4 5 |  5.4
Invocations    | 1 3 |  3.0

Action                   |  1- 3 |  4- 6 |  7- 9 || total
-------------------------+-------+-------+-------++-------
Melee: War axe           |    83 |   142 |   116 ||   341
 Abil: Heal Wounds       |       |     3 |     5 ||     8
  Use: Potion            |     1 |       |     1 ||     2
       Scroll            |       |     9 |       ||     9
  Eat: Chunk             |       |     5 |     3 ||     8
Armor: Scale mail        |    74 |    62 |    58 ||   194
Dodge: Dodged            |    32 |    72 |    64 ||   168
Block: Shield            |    64 |   103 |    75 ||   242

Table legend:
 A = Spawn XP
 B = Non-spawn XP
 C = Spawn XP percentage of total XP
 D = Spawn monster count
 E = Non-spawn monster count
 F = Spawn count percentage of total count
 G = Total turns spent on level
                    A         B        C        D         E        F      G
               +---------+---------+-------+---------+---------+-------+---------
         Total |       0 |    1462 |   0.0 |       0 |     104 |   0.0 |  3071
               +---------+---------+-------+---------+---------+-------+---------
           D:1 |       0 |      11 |   0.0 |       0 |       6 |   0.0 |   551
           D:2 |       0 |     292 |   0.0 |       0 |      25 |   0.0 |   654
           D:3 |       0 |     212 |   0.0 |       0 |      24 |   0.0 |   528
           D:4 |       0 |     244 |   0.0 |       0 |      15 |   0.0 |   762
           D:5 |       0 |     703 |   0.0 |       0 |      34 |   0.0 |   576
               +---------+---------+-------+---------+---------+-------+---------
